 Dungeon Crawl Stone Soup version 0.30-a0-347-gf58ed5266c (webtiles) character file.

Game seed: 15415033344340791005

76 koil the Sneak (level 4, -2/21 HPs)
             Began as a Spriggan Enchanter on Nov 7, 2022.
             Slain by a scorpion (5 damage)
             ... on level 4 of the Dungeon.
             The game lasted 00:07:13 (2573 turns).

koil the Sneak (Spriggan Enchanter)                 Turns: 2573, Time: 00:07:14

Health: -2/21      AC:  2    Str:  3 (4)  XL:     4   Next: 12%
Magic:  2/9        EV: 17    Int: 16 (18) God:
Gold:   208        SH:  0    Dex: 13 (15) Spells: 4/9 levels left

rFire   + . .      SeeInvis +    a - +1 dagger
rCold   + . .      Faith    .    (no shield)
rNeg    . . .      Spirit   .    b - +0 robe
rPois   .          Reflect  .    (helmet restricted)
rElec   .          Harm     .    p - scarf {rC+ rF+}
rCorr   .          Rampage  .    (gloves unavailable)
Will    .....                    (boots unavailable)
Stlth   +++.......               (no amulet)
HPRegen 0.23/turn                (no ring)
MPRegen 0.11/turn                (no ring)

@: mighty, lethally poisoned (-2 -> -5), very quick
A: very small, no large weapons, unfitting armour, see invisible, speed 3
a: no special abilities


You were on level 4 of the Dungeon.
You visited 1 branch of the dungeon, and saw 4 of its levels.

You collected 208 gold pieces.

Inventory:

Hand Weapons
 a - a +1 dagger (weapon)
Missiles
 j - 2 atropa-tipped darts (quivered)
Armour
 b - a +0 robe (worn)
 p - a scarf of resistance (worn)
Jewellery
 e - a ring of ice
Wands
 n - a wand of roots (4)
Scrolls
 i - 2 scrolls of identify {unknown}
 l - a scroll of vulnerability {unknown}
 m - a scroll of teleportation {unknown}
Potions
 c - 2 potions of invisibility
 d - 2 potions of might
 g - 2 potions of haste {unknown}
 h - 2 potions of heal wounds {unknown}
 k - a potion of curing {unknown}
 o - a potion of mutation {unknown}


   Skills:
 + Level 0.9 Fighting
 + Level 2.0 Short Blades
 + Level 3.4 Dodging
 + Level 5.0 Stealth
 + Level 3.1 Spellcasting
 + Level 0.7 Conjurations
 + Level 4.0 Hexes


You had 4 spell levels left.
You knew the following spells:

 Your Spells              Type           Power      Damage    Failure   Level
a - Ensorcelled Hibernat  Hex/Ice        16%        N/A       12%         2
b - Confusing Touch       Hex            15%        N/A       11%         3

Your spell library contained the following spells:

 Spells                   Type           Power      Damage    Failure   Level
 Tukima's Dance           Hex            15%        N/A       11%         3
 Beastly Appendage        Tmut           4%         N/A       19%         1
 Dazzling Flash           Conj/Hex       20%        N/A       22%         3
 Wereblood                Tmut           2%         N/A       28%         2
 Spider Form              Tmut/Pois      2%         N/A       50%         3


Dungeon Overview and Level Annotations

Branches:
Dungeon (4/15)
 Temple: D:4-7

Altars:
Nemelex Xobeh


Innate Abilities, Weirdness & Mutations

You are very small and have problems with some larger weapons.
You are too small for most types of armour.
You have supernaturally acute eyesight. (SInv)
You cover ground extremely quickly. (Speed+++)


Message History

Casting: Ensorcelled Hibernation (safe; 11% risk of failure)
Confirm with . or Enter, or press ? or * to list all spells.
Aiming: Ensorcelled Hibernation (safe; 11% risk of failure)
Press: ? - help, Shift-Dir - straight line, f/p - scorpion
Aim: a scorpion (chance to affect: 44%)
The scorpion resists with some effort.
The scorpion misses you.
Casting: Ensorcelled Hibernation (safe; 11% risk of failure)
Confirm with . or Enter, or press ? or * to list all spells.
Aiming: Ensorcelled Hibernation (safe; 11% risk of failure)
Press: ? - help, Shift-Dir - straight line, f/p - scorpion
Aim: a scorpion (chance to affect: 44%)
The scorpion resists with some effort.
The scorpion barely misses you. x2
Casting: Ensorcelled Hibernation (safe; 11% risk of failure)
Confirm with . or Enter, or press ? or * to list all spells.
You don't have enough magic to cast this spell.
Unknown command.
Casting: Ensorcelled Hibernation (safe; 11% risk of failure)
Confirm with . or Enter, or press ? or * to list all spells.
You don't have enough magic to cast this spell.
Unknown command.
You closely miss the scorpion. The scorpion stings you.
You completely miss the scorpion. The scorpion stings you.
You are lethally poisoned!
The scorpion poisons you!
You feel sick.
You feel sick.
You feel sick.
You feel sick.
* * * LOW HITPOINT WARNING * * *
You feel sick.
It was a potion of might.
You feel very mighty all of a sudden.
* * * LOW HITPOINT WARNING * * *
You feel sick.
It was a potion of degeneration.
There was something very wrong with that liquid.
You feel weakened.
You feel dopey.
You feel clumsy.
* * * LOW HITPOINT WARNING * * *
You feel sick. The scorpion stings you.
You die...

#...<.h.....
#...hh......
##################
..............>#
##.......####.#
#.......# #.#########
#......## #..........
#......# #..........
##......## ##.s@.......
#.......#≈≈#..#########
#........≈≈.....#
##........≈≈.....#
..........~~.....#
...........~.~...#
.........~≈~.~...#
..........≈~~....#
.......~..≈~.~...#


You could see a scorpion.

Vanquished Creatures
  An adder (D:2)
  A worm (D:2)
  2 dart slugs
  7 ball pythons
  4 bats
  6 endoplasms
  5 giant cockroaches
  7 goblins
  A hobgoblin (D:2)
  6 jackals
  2 quokkas
  8 kobolds
  4 rats
54 creatures vanquished.

Notes
Turn   | Place    | Note
-------+----------+-------------------------------------------
     0 | D:1      | koil the Spriggan Enchanter began the quest for the Orb.
     0 | D:1      | Reached XP level 1. HP: 9/9 MP: 5/5
   190 | D:1      | Reached XP level 2. HP: 9/13 MP: 6/6
   426 | D:1      | Learned a level 2 spell: Ensorcelled Hibernation
   948 | D:2      | Reached XP level 3. HP: 17/17 MP: 8/8
  1534 | D:2      | Reached skill level 5 in Stealth
  1907 | D:3      | Found a sparkling altar of Nemelex Xobeh.
  1948 | D:3      | Reached XP level 4. HP: 21/21 MP: 9/9
  2303 | D:3      | Found a faded altar of an unknown god.
  2323 | D:3      | Learned a level 3 spell: Confusing Touch
  2557 | D:4      | Noticed a scorpion
  2573 | D:4      | Slain by a scorpion

Illustrated notes

Levels and vault maps discovered:
D:1:      dpeg_arrival_boxes_within_box, layout_basic
D:2:      layout_loops_ring, chequers_serial_rivers_large_b, chequers_avenue,
          grunt_ministairs_4
D:3:      layout_basic, mainiacjoe_overflow_boulevard,
          hellmonk_ecumenical_altar_leap_of_faith
D:4:      layout_basic, elyvilon_altar_4, mainiacjoe_overflow_catwalk,
          serial_rivers, chequers_serial_rivers_room_a,
          chequers_serial_rivers_micro_c, chequers_serial_rivers_small_3,
          chequers_serial_rivers_micro_a, chequers_serial_rivers_room_a,
          lightli_minifort

Skill      XL: |  1  2  3 |
---------------+----------+-----
Dodging        | 3 |  3.4
Spellcasting   | 3 |  3.1
Stealth        | 5 |  5.0
Short Blades   | 2 |  2.0
Hexes          | 4 |  4.0
Fighting       | |  0.9
Conjurations   | |  0.7

Action                   |  1- 3 |  4- 6 || total
-------------------------+-------+-------++-------
Melee: Dagger            |   137 |    12 ||   149
 Cast: Ensorcelled Hiber |     7 |     4 ||    11
  Use: Potion            |       |     2 ||     2
 Stab: Sleeping          |    21 |     2 ||    23
       Distracted        |       |     1 ||     1
Armor: Robe              |    20 |     2 ||    22
Dodge: Dodged            |   100 |     7 ||   107

Table legend: (Time is in decaauts)
 A = Elapsed time spent in this place.
 B = Non-inter-level travel time spent in this place.
 C = Inter-level travel time spent in this place.
 D = Time resting spent in this place.
 E = Time spent auto-exploring this place.
 F = Levels seen in this place.
 G = Mean time per level.
                   A        B        C        D        E       F      G
               +--------+--------+--------+--------+--------+-----+--------+
         Total |   1763 |   1654 |    109 |     56 |   1234 |   4 |  440.8 |
       Dungeon |   1763 |   1654 |    109 |     56 |   1234 |   4 |  440.8 |
               +--------+--------+--------+--------+--------+-----+--------+

Top non-repeatable levels by time:
     D:2: 639 daAuts
     D:1: 591 daAuts
     D:3: 502 daAuts
     D:4: 29 daAuts
